 Dungeon Crawl Stone Soup version 0.22-a0-515-g75794bf (webtiles) character file.

1005 Laiders72 the Skirmisher (level 8, -1/65 HPs)
             Began as a Formicid Fighter on June 19, 2018.
             Was a Follower of Okawaru.
             Killed by divine providence
             ... invoked by an orc priest
              (14 damage)
             ... on level 5 of the Dungeon.
             The game lasted 00:11:51 (4484 turns).

Laiders72 the Skirmisher (Formicid Fighter)         Turns: 4484, Time: 00:11:52

Health: -1/65      AC: 11    Str: 22    XL:     8   Next: 44%
Magic:  8/8        EV:  7    Int:  9    God:    Okawaru [*.....]
Gold:   267        SH: 10    Dex: 10    Spells: 7/7 levels left

rFire    . . .     SeeInvis +   a - +0 flail
rCold    . . .     Gourm    .   c - +0 shield
rNeg     . . .     Faith    .   r - +0 chain mail
rPois    .         Spirit   .   (helmet unavailable)
rElec    .         Reflect  .   (no cloak)
rCorr    .         Harm     .   g - +0 pair of gloves
MR       .....                  (no boots)
Stlth    ..........             (no amulet)
HPRegen  0.20/turn              (no ring)
MPRegen  0.11/turn              (no ring)

@: no status effects
A: permanent stasis, dig shafts and tunnels, four strong arms, antennae 3
a: Dig, Shaft Self, Heroism, Renounce Religion


You were on level 5 of the Dungeon.
You worshipped Okawaru.
Okawaru was aware of your devotion.
You were not hungry.

You visited 1 branch of the dungeon, and saw 5 of its levels.

You collected 267 gold pieces.

Inventory:

Hand Weapons
 a - a +0 flail (weapon)
Armour
 c - a +0 shield (worn)
 g - a +0 pair of gloves (worn)
 r - a +0 chain mail (worn)
 v - the cursed +1 scale mail of the Thunderstorm {rF+, unknown}
   (You found it on level 4 of the Dungeon)

   It protects you from fire.
   It has a curse placed upon it.
Scrolls
 b - 2 scrolls of immolation {unknown}
 e - a scroll of fear
 h - a scroll of magic mapping {unknown}
 i - a scroll of random uselessness {unknown}
 j - a scroll of amnesia {unknown}
 l - a scroll of remove curse
 m - a scroll of blinking {unknown}
 p - a scroll of noise {unknown}
 t - a scroll of fog {unknown}
Potions
 d - 2 potions of curing
 k - a potion of cancellation {unknown}
 n - a potion of agility {unknown}
 o - 3 potions of mutation
 q - 2 potions of haste {unknown}
 s - a potion of brilliance {unknown}
 u - 2 potions of heal wounds {unknown}
 w - 2 potions of flight {unknown}
Comestibles
 f - 10 rations


   Skills:
 * Level 6.6 Fighting
 * Level 5.7 Maces & Flails
 + Level 5.1 Armour
 + Level 5.8 Shields


You had 7 spell levels left.
You didn't know any spells.
Your spell library contained the following spells:

 Spells                   Type           Power        Failure   Level  Hunger
 Apportation              Tloc           #.....       99%         1    ##.....
 Summon Small Mammal      Summ           #...         99%         1    ##.....
 Animate Skeleton         Necr           N/A          99%         1    ##.....
 Confusing Touch          Hex            #.....       99%         1    ##.....


Dungeon Overview and Level Annotations

Branches:
Dungeon (5/15)             Temple (0/1) D:4

Altars:
Gozag
Hepliaklqana
Okawaru
Sif Muna
Xom

Shops:
D:4 ?


Innate Abilities, Weirdness & Mutations

You cannot be hasted, slowed, berserked, paralysed or teleported.
You can dig through walls and to a lower floor.
Your four strong arms can wield two-handed weapons with a shield.
You have a pair of large antennae on your head. (SInv)


Message History

The orc priest hits you but does no damage.
The orc priest invokes the aid of Beogh against you.
Beogh smites you! The orc completely misses you.
The orc hits you with a short sword. The orc wizard barely misses you.
The orc priest invokes the aid of Beogh against you.
Beogh smites you!
* * * LOW HITPOINT WARNING * * *
The orc priest barely misses you.
You barely miss the orc priest.
The orc priest is moderately wounded.
You block the orc's attack. x2
The orc wizard hits you but does no damage.
The orc priest barely misses you. The orc hits you but does no damage.
You hit the orc priest but do no damage.
The orc priest is moderately wounded.
The orc wizard barely misses you. The orc closely misses you.
You block the orc priest's attack. You block the orc's attack.
The orc priest mumbles some strange prayers to Beogh against you.
Beogh smites you!
You die...

#.#####.##########
#.................
#.#####.##########
#.#####.# #
###.......# ###
#.......### #..
#.#.###.# #.#
#.###.# #.#
#@.##.# #.#
#oo##.# #..
#.oo....# ###
###o##### #.# #.#
#.# #.# #.#


You could see 2 orc priests, an orc wizard and 2 orcs.

Vanquished Creatures
  Sigmund (D:3)
  The ghost of inc the Shield-Bearer, an amateur OpFi (D:3)
  A vampire bat (D:4)
  3 jellies
  An orc priest (D:5)
  A hound (D:3)
  An orc wizard (D:4)
  2 iguanas (D:4)
  3 worker ants (D:4)
  2 hound skeletons (D:4)
  A worker ant zombie (D:5)
  4 gnolls (D:2)
  5 adders
  2 shadow imps
  9 oozes
  2 adder skeletons
  4 worms
  3 dart slugs (D:1)
  3 fire bats (D:4)
  3 leopard geckos
  12 orcs
  2 spectral bats (D:4)
  3 bat skeletons (D:4)
  A bat zombie (D:4)
  2 giant cockroaches
  7 goblins
  8 hobgoblins
  3 jackals (D:3)
  14 kobolds
  3 quokkas
  16 bats
  A bat simulacrum (D:4)
  5 frilled lizards
  9 rats
138 creatures vanquished.

Vanquished Creatures (others)
  6 toadstools (D:3)
6 creatures vanquished.

Grand Total: 144 creatures vanquished

Notes
Turn   | Place    | Note
-------+----------+-------------------------------------------
     0 | D:1      | Laiders72 the Formicid Fighter began the quest for the Orb.
     0 | D:1      | Reached XP level 1. HP: 18/18 MP: 1/1
    89 | D:1      | Reached XP level 2. HP: 18/24 MP: 2/2
   338 | D:1      | Reached XP level 3. HP: 28/30 MP: 3/3
   772 | D:2      | Reached XP level 4. HP: 37/37 MP: 4/4
   783 | D:2      | Reached skill level 4 in Fighting
  1118 | D:2      | Reached XP level 5. HP: 20/43 MP: 5/5
  1715 | D:3      | Noticed Sigmund
  1726 | D:3      | Killed Sigmund
  1726 | D:3      | Reached skill level 5 in Fighting
  1726 | D:3      | Reached XP level 6. HP: 46/51 MP: 6/6
  1830 | D:3      | Found an iron altar of Okawaru.
  1847 | D:3      | Became a worshipper of Warmaster Okawaru
  1898 | D:3      | Found a runed door.
  1898 | D:3      | Noticed inc's ghost (amateur OpFi)
  2325 | D:3      | Reached XP level 7. HP: 56/56 MP: 7/7
  2329 | D:3      | Found a shimmering altar of Xom.
  2331 | D:3      | Found a deep blue altar of Sif Muna.
  2333 | D:3      | Found an opulent altar of Gozag.
  2333 | D:3      | Found a hazy altar of Hepliaklqana.
  2805 | D:3      | Reached skill level 5 in Shields
  2898 | D:3      | Killed inc's ghost
  3020 | D:4      | Found Vudeizex's Magic Scroll Boutique.
  3036 | D:4      | Reached skill level 6 in Fighting
  3223 | D:4      | Reached skill level 5 in Maces & Flails
  3259 | D:4      | Reached XP level 8. HP: 26/64 MP: 8/8
  3555 | D:4      | Found a staircase to the Ecumenical Temple.
  3634 | D:4      | Reached skill level 5 in Armour
  3729 | D:4      | Got a heavily runed scale mail
  3985 | D:4      | Reached * piety under Okawaru
  4279 | D:5      | Entered Level 5 of the Dungeon
  4484 | D:5      | Killed from afar by an orc priest

Vault maps used:
D:1:      dpeg_arrival_court, minmay_distorted
D:2:      first_ration, serial_forest, infiniplex_forest_lined_4_way,
          infiniplex_forest_straight_5, infiniplex_forest_clump_double,
          infiniplex_forest_end_2, infiniplex_forest_straight_5,
          infiniplex_forest_clump_diagonal, infiniplex_forest_straight_1,
          infiniplex_forest_clump_tiny, infiniplex_forest_end_double,
          infiniplex_forest_pool
D:3:      cheibrodos_fertilizer, grunt_temple_overflow_open,
          gammafunk_ghost_grave, okawaru_ov_weapons_minmay, uniq_sigmund
D:4:      minmay_temple_entry_hall, serial_shops, shop_fountains, goddamned_bats
D:5:      serial_shops, shop, minmay_crystal_room

Skill      XL: |  1  2  3  4  5  6  7  8 |
---------------+-------------------------+-----
Shields        | 4 5 |  5.8
Fighting       | 4 5 6 |  6.6
Maces & Flails | 3 4 5 |  5.7
Armour         | 4 5 |  5.1

Action                   |  1- 3 |  4- 6 |  7- 9 || total
-------------------------+-------+-------+-------++-------
Melee: Flail             |    87 |   146 |   311 ||   544
  Use: Scroll            |       |     3 |     5 ||     8
       Potion            |       |     2 |       ||     2
  Eat: Chunk             |       |     4 |     9 ||    13
Armor: Scale mail        |    49 |    23 |       ||    72
       Chain mail        |       |    42 |   246 ||   288
Dodge: Dodged            |    26 |    61 |   127 ||   214
Block: Shield            |    54 |    97 |   265 ||   416

Table legend:
 A = Spawn XP
 B = Non-spawn XP
 C = Spawn XP percentage of total XP
 D = Spawn monster count
 E = Non-spawn monster count
 F = Spawn count percentage of total count
 G = Total turns spent on level
                    A         B        C        D         E        F      G
               +---------+---------+-------+---------+---------+-------+---------
         Total |       0 |    1437 |   0.0 |       0 |     138 |   0.0 |  4484
               +---------+---------+-------+---------+---------+-------+---------
           D:1 |       0 |      53 |   0.0 |       0 |      26 |   0.0 |   767
           D:2 |       0 |     130 |   0.0 |       0 |      14 |   0.0 |   948
           D:3 |       0 |     666 |   0.0 |       0 |      47 |   0.0 |  1217
           D:4 |       0 |     492 |   0.0 |       0 |      43 |   0.0 |  1347
           D:5 |       0 |      96 |   0.0 |       0 |       8 |   0.0 |   205
               +---------+---------+-------+---------+---------+-------+---------
